 Dungeon Crawl Stone Soup version 0.22-a0-346-ga7143740d5 (webtiles) character file.

203 Kriby the Magician (level 5, -3/37 HPs)
             Began as a Gnoll Wanderer on Apr 6, 2018.
             Killed by divine providence
             ... invoked by an orc priest
              (16 damage)
             ... on level 4 of the Dungeon.
             The game lasted 00:08:00 (4606 turns).

Kriby the Magician (Gnoll Wanderer)                 Turns: 4606, Time: 00:08:00

Health: -3/37      AC:  5    Str: 13    XL:     5   Next: 81%
Magic:  1/14       EV: 12    Int: 15    God:
Gold:   118        SH:  0    Dex: 16    Spells: 10/18 levels left

rFire    . . .     SeeInvis .   a - +2 short sword (holy)
rCold    . . .     Gourm    .   (no shield)
rNeg     + . .     Faith    .   e - +0 robe
rPois    .         Spirit   .   q - +2 hat
rElec    .         Reflect  .   (no cloak)
rCorr    .         Harm     .   (no gloves)
MR       .....                  l - +0 pair of boots
Stlth    ++........             (no amulet)
HPRegen  0.12/turn              u - ring of positive energy
MPRegen  0.14/turn              (no ring)

@: very slightly contaminated
A: distributed training, fangs 1, strong nose
a: no special abilities


You were on level 4 of the Dungeon.
You were not hungry.

You visited 1 branch of the dungeon, and saw 4 of its levels.

You collected 118 gold pieces.

Inventory:

Hand Weapons
 a - a +2 short sword of holy wrath (weapon)
 b - a +0 shortbow
 n - a +0 hunting sling
 y - a +0 morningstar
Missiles
 c - 59 arrows
 i - 39 sling bullets
 k - 105 stones (quivered)
Armour
 e - a +0 robe (worn)
 l - a +0 pair of boots (worn)
 q - a +2 hat (worn)
Jewellery
 u - a ring of positive energy (left hand)
 B - an uncursed ring of ice
Scrolls
 d - 4 scrolls of teleportation {unknown}
 h - 6 scrolls of identify {unknown}
 m - 2 scrolls of fog {unknown}
 p - 4 scrolls of magic mapping {unknown}
 r - 3 scrolls of remove curse {unknown}
 w - a scroll of random uselessness {unknown}
 x - 2 scrolls of blinking {unknown}
 A - 2 scrolls of fear {unknown}
Potions
 g - 2 potions of curing {unknown}
 j - a potion of cancellation {unknown}
 o - a potion of lignification {unknown}
 s - a potion of heal wounds {unknown}
 t - a potion of flight {unknown}
 v - a potion of berserk rage {unknown}
Comestibles
 f - 5 rations


   Skills:
 + Level 1.6 Fighting
 + Level 1.6 Short Blades
 + Level 1.6 Long Blades
 + Level 1.6 Axes
 + Level 1.6 Maces & Flails
 + Level 1.6 Polearms
 + Level 1.6 Staves
 + Level 1.6 Slings
 + Level 3.0 Bows
 + Level 1.6 Crossbows
 + Level 4.8 Throwing
 + Level 4.8 Armour
 + Level 1.6 Dodging
 + Level 1.6 Stealth
 + Level 1.6 Shields
 + Level 1.6 Unarmed Combat
 + Level 7.3 Spellcasting
 + Level 1.2 Conjurations
 + Level 1.2 Hexes
 + Level 1.2 Charms
 + Level 4.0 Summonings
 + Level 1.2 Necromancy
 + Level 1.2 Translocations
 + Level 1.2 Transmutations
 + Level 1.2 Fire Magic
 + Level 1.2 Ice Magic
 + Level 1.2 Air Magic
 + Level 1.2 Earth Magic
 + Level 1.2 Poison Magic
 + Level 1.8 Invocations
 + Level 1.6 Evocations


You had 10 spell levels left.
You knew the following spells:

 Your Spells              Type           Power        Failure   Level  Hunger
a - Summon Small Mammal   Summ           ###.         2%          1    None
b - Conjure Flame         Conj/Fire      #.......     22%         3    ##.....
c - Call Imp              Summ           ###.....     3%          2    None
d - Blink                 Tloc           N/A          12%         2    None


Dungeon Overview and Level Annotations

Branches:
Dungeon (4/15)
 Temple: D:4-7

Altars:
Vehumet


Innate Abilities, Weirdness & Mutations

Your experience applies equally to all skills.
You have very sharp teeth.
Your uncanny sense of smell can sniff out nearby items.


Message History

Your quokka bites the orc.
The orc dies!
All of the chunks of flesh in your inventory have rotted away.
An orc comes into view. It is wielding a club.
What are your orders? t - Bark!
Orders for allies: a - Attack new target. r - Retreat! s - Stop attacking. g - Guard the area. f - Follow me.
Anything else - Cancel.
Gang up on whom?
Press: ? - help, Dir - move target cursor, f - orc priest
Aim: an orc priest, wielding a dagger of venom and wearing a scale mail Attack!
Your rat barely misses the orc priest.
The orc priest invokes the aid of Beogh against you.
Beogh smites you!
Your rat closely misses the orc priest.
The orc priest mumbles some strange prayers to Beogh against you.
Beogh smites you!
You die...

####.#
#....#
#....#
#....
#...####
#......
#...#
#...#
#@..#
#.5.#
##).#
.br#
#r## #o#
#o# #.#


You could see an orc priest, an orc, a friendly crimson imp, a friendly quokka,
a friendly bat and a friendly rat.

Vanquished Creatures
  3 adders (D:3)
  An ooze (D:2)
  2 orcs (D:3)
  2 giant cockroaches (D:2)
  A frilled lizard (D:2)
  A leopard gecko skeleton (D:4)
10 creatures vanquished.

Vanquished Creatures (collateral kills)
  The ghost of runewalsh the Chiller, an amateur OpIE of Sif Muna (D:4)
  An orc priest (D:3)
  5 adders
  An ooze (D:3)
  A worm (D:3)
  A dart slug (D:1)
  3 leopard geckos
  8 orcs
  A ball python (D:3)
  6 bats
  5 giant cockroaches
  11 goblins
  11 hobgoblins
  4 jackals (D:2)
  A quokka (D:3)
  A frilled lizard (D:2)
  7 kobolds
  4 rats
72 creatures vanquished.

Grand Total: 82 creatures vanquished

Notes
Turn   | Place    | Note
-------+----------+-------------------------------------------
     0 | D:1      | Kriby the Gnoll Wanderer began the quest for the Orb.
     0 | D:1      | Kriby set off with: a +0 shortbow, 28 arrows, a +0 robe, a ration
     0 | D:1      | Reached XP level 1. HP: 13/13 MP: 8/8
     2 | D:1      | Learned a level 1 spell: Summon Small Mammal
   516 | D:1      | Reached XP level 2. HP: 19/19 MP: 6/10
  1525 | D:2      | Learned a level 2 spell: Blink
  1528 | D:2      | Learned a level 2 spell: Call Imp
  1876 | D:2      | Reached XP level 3. HP: 21/25 MP: 5/11
  2341 | D:2      | Reached skill level 1 in Invocations
  3062 | D:3      | Learned a level 3 spell: Conjure Flame
  3112 | D:3      | Reached skill level 1 in Fighting
  3112 | D:3      | Reached skill level 1 in Short Blades
  3112 | D:3      | Reached skill level 1 in Long Blades
  3112 | D:3      | Reached skill level 1 in Axes
  3112 | D:3      | Reached skill level 1 in Maces & Flails
  3112 | D:3      | Reached skill level 1 in Polearms
  3112 | D:3      | Reached skill level 1 in Staves
  3112 | D:3      | Reached skill level 1 in Slings
  3112 | D:3      | Reached skill level 1 in Crossbows
  3112 | D:3      | Reached skill level 1 in Dodging
  3112 | D:3      | Reached skill level 1 in Stealth
  3112 | D:3      | Reached skill level 1 in Shields
  3112 | D:3      | Reached skill level 1 in Unarmed Combat
  3112 | D:3      | Reached skill level 1 in Evocations
  3112 | D:3      | Reached XP level 4. HP: 27/32 MP: 1/13
  3287 | D:3      | Found a radiant altar of Vehumet.
  3467 | D:3      | Reached skill level 1 in Conjurations
  3467 | D:3      | Reached skill level 1 in Hexes
  3467 | D:3      | Reached skill level 1 in Charms
  3467 | D:3      | Reached skill level 1 in Necromancy
  3467 | D:3      | Reached skill level 1 in Translocations
  3467 | D:3      | Reached skill level 1 in Transmutations
  3467 | D:3      | Reached skill level 1 in Fire Magic
  3467 | D:3      | Reached skill level 1 in Ice Magic
  3467 | D:3      | Reached skill level 1 in Air Magic
  3467 | D:3      | Reached skill level 1 in Earth Magic
  3467 | D:3      | Reached skill level 1 in Poison Magic
  3850 | D:3      | Reached XP level 5. HP: 36/37 MP: 8/14
  4532 | D:4      | Noticed runewalsh's ghost (amateur OpIE)
  4547 | D:4      | Killed runewalsh's ghost
  4606 | D:4      | Killed from afar by an orc priest

Vault maps used:
D:1:      grunt_arrival_crossed_arrows
D:2:      first_ration
D:3:      vehumet_crystals, hangedman_abyss_or_decor_lesser_grid
D:4:      nicolae_ru_awakened_eye

Skill      XL: |  1  2  3  4  5 |
---------------+----------------+-----
Invocations    | 1 |  1.8
Fighting       | 1 |  1.6
Short Blades   | 1 |  1.6
Long Blades    | 1 |  1.6
Axes           | 1 |  1.6
Maces & Flails | 1 |  1.6
Polearms       | 1 |  1.6
Staves         | 1 |  1.6
Slings         | 1 |  1.6
Crossbows      | 1 |  1.6
Dodging        | 1 |  1.6
Stealth        | 1 |  1.6
Shields        | 1 |  1.6
Unarmed Combat | 1 |  1.6
Evocations     | 1 |  1.6
Conjurations   | 1 |  1.2
Hexes          | 1 |  1.2
Charms         | 1 |  1.2
Necromancy     | 1 |  1.2
Translocations | 1 |  1.2
Transmutations | 1 |  1.2
Fire Magic     | 1 |  1.2
Ice Magic      | 1 |  1.2
Air Magic      | 1 |  1.2
Earth Magic    | 1 |  1.2
Poison Magic   | 1 |  1.2
Bows           | 3 |  3.0
Summonings     | 4 |  4.0
Throwing       | |  4.8
Armour         | |  4.8
Spellcasting   | |  7.3

Action                   |  1- 3 |  4- 6 || total
-------------------------+-------+-------++-------
Melee: Short sword       |    10 |    30 ||    40
       Bite              |     1 |     4 ||     5
 Cast: Summon Small Mamm |   130 |    25 ||   155
       Call Imp          |    10 |    40 ||    50
  Eat: Chunk             |     6 |     5 ||    11
Armor: Robe              |    15 |     4 ||    19
Dodge: Dodged            |    31 |    22 ||    53

Table legend:
 A = Spawn XP
 B = Non-spawn XP
 C = Spawn XP percentage of total XP
 D = Spawn monster count
 E = Non-spawn monster count
 F = Spawn count percentage of total count
 G = Total turns spent on level
                    A         B        C        D         E        F      G
               +---------+---------+-------+---------+---------+-------+---------
         Total |       0 |     290 |   0.0 |       0 |      82 |   0.0 |  4606
               +---------+---------+-------+---------+---------+-------+---------
           D:1 |       0 |      20 |   0.0 |       0 |      17 |   0.0 |  1336
           D:2 |       0 |      48 |   0.0 |       0 |      30 |   0.0 |  1672
           D:3 |       0 |     121 |   0.0 |       0 |      32 |   0.0 |  1519
           D:4 |       0 |     101 |   0.0 |       0 |       3 |   0.0 |    79
               +---------+---------+-------+---------+---------+-------+---------
